 Dungeon Crawl Stone Soup version 0.30.1-1-g62c8e00024 (webtiles) character file.

Game seed: 7669262490312615923

11267 LynnLen the Covert (level 11, -15/48 HPs)
             Began as a Spriggan Enchanter on July 14, 2023.
             Was a Priest of Dithmenos.
             Killed from afar by an electric eel (17 damage)
             ... with a bolt of electricity
             ... on level 9 of the Dungeon.
             The game lasted 00:31:50 (10361 turns).

LynnLen the Covert (Spriggan Enchanter)            Turns: 10361, Time: 00:31:51

Health: -15/48     AC: 11    Str:  4    XL:     11   Next: 47%
Magic:  26/26      EV: 17    Int: 19    God:    Dithmenos [***...]
Gold:   792        SH:  0    Dex: 18    Spells: 21/30 levels left

rFire   . . .        B - +2 dagger (venom)
rCold   . . .        (no shield)
rNeg    . . .        N - +2 troll leather armour
rPois   .            D - +2 hat
rElec   .            x - +2 cloak
rCorr   .            (gloves unavailable)
SInv    +            (boots unavailable)
Will    +....        (no amulet)
Stlth   ++++++++     w - +4 ring of slaying
HPRegen 1.08/turn    A - +4 ring of slaying
MPRegen 0.20/turn

%: no passive effects
@: wreathed by umbra, very quick
A: very small, no large weapons, unfitting armour, see invisible, speed 3
a: Renounce Religion, Shadow Step


You were on level 9 of the Dungeon.
You worshipped Dithmenos.
Dithmenos was most pleased with you.
You visited 2 branches of the dungeon, and saw 10 of its levels.
You also visited: Bailey.

You collected 792 gold pieces.

Inventory:

Hand Weapons
 B - a +2 dagger of venom (weapon)
Missiles
 a - 4 throwing nets
 n - 19 poisoned darts
 C - 2 curare-tipped darts
Armour
 x - a +2 cloak (worn)
 D - a +2 hat (worn)
 F - a +2 robe of willpower
 N - a +2 troll leather armour (worn)
Jewellery
 b - a ring of willpower
 w - a +4 ring of slaying (left hand)
 A - a +4 ring of slaying (right hand)
 P - a ring of wizardry
Wands
 s - a wand of acid (12)
 t - a wand of flame (27)
 v - a wand of polymorph (6)
 L - a wand of mindburst (10)
 Q - a wand of paralysis (12)
 R - a wand of iceblast (14)
Scrolls
 f - 2 scrolls of fog
 h - a scroll of silence
 i - 3 scrolls of blinking {unknown}
 l - 3 scrolls of magic mapping {unknown}
 m - 2 scrolls of teleportation {unknown}
 o - 2 scrolls of acquirement
 q - 2 scrolls of immolation {unknown}
 r - a scroll of noise {unknown}
 u - a scroll of identify
 y - 2 scrolls of poison {unknown}
 E - a scroll of vulnerability {unknown}
 J - a scroll of brand weapon {unknown}
 K - a scroll of amnesia {unknown}
 M - 3 scrolls of fear {unknown}
 O - 2 scrolls of enchant weapon {unknown}
 S - a scroll of summoning {unknown}
Potions
 d - 2 potions of berserk rage
 e - 2 potions of cancellation
 g - 7 potions of curing
 j - a potion of lignification
 k - 3 potions of magic
 p - 3 potions of flight
 z - 4 potions of haste {unknown}
 G - 2 potions of mutation {unknown}
 H - a potion of resistance {unknown}
 I - a potion of brilliance {unknown}
Miscellaneous
 c - a lightning rod (4/4)


   Skills:
 + Level 0.8 Fighting
 - Level 10.0 Short Blades
 + Level 3.4 Dodging
 + Level 14.6 Stealth
 + Level 10.4 Spellcasting
 + Level 10.4 Hexes
 - Level 4.0 Ice Magic
 * Level 1.8 Invocations
 + Level 1.6 Evocations


You had 21 spell levels left.
You knew the following spells:

 Your Spells              Type           Power      Damage    Failure   Level
a - Ensorcelled Hibernat  Hex/Ice        74%        N/A       1%          2
b - Confusing Touch       Hex            49%        N/A       1%          3
c - Tukima's Dance        Hex            49%        N/A       1%          3
d - Slow                  Hex            100%       N/A       1%          1

Your spell library contained the following spells:

 Spells                   Type           Power      Damage    Failure   Level
 Dazzling Flash           Conj/Hex       58%        N/A       4%          3
 Beastly Appendage        Tmut           18%        N/A       13%         1
 Foxfire                  Conj/Fire      36%        2x1d5     13%         1
 Cigotuvi's Dreadful Rot  Necr/Pois/Air  18%        N/A       19%         2
 Passwall                 Tmut/Erth      7%         N/A       19%         2
 Mephitic Cloud           Conj/Pois/Air  9%         N/A       36%         3
 Spider Form              Tmut/Pois      9%         N/A       36%         3
 Stone Arrow              Conj/Erth      18%        3d8       36%         3
 Animate Armour           Summ/Erth      18%        N/A       77%         4
 Dispel Undead            Necr           9%         3d8       77%         4
 Blade Hands              Tmut           4%         N/A       98%         5
 Fireball                 Conj/Fire      4%         3d4       98%         5
 Death Channel            Necr           4%         N/A       100%        6
 Plasma Beam              Fire/Air       4%         2x1d16    100%        6
 Starburst                Conj/Fire      4%         6d4       100%        6
 Dragon Form              Tmut           4%         N/A       100%        7
 Lehudib's Crystal Spear  Conj/Erth      4%         10d3      100%        8


Dungeon Overview and Level Annotations

Branches:
Dungeon (9/15)             Temple (1/1) D:7          Bailey (visited)
   Lair: D:8-11         Orc: D:9-12

Altars:
Ashenzari
Cheibriados
Dithmenos
Elyvilon
Fedhas
Hepliaklqana
Kikubaaqudgha
Makhleb
Nemelex Xobeh
Okawaru
Qazlal
Ru
Sif Muna
Trog
Uskayaw
Vehumet
Wu Jian
Xom
Yredelemnul
Zin
The Shining One

Shops:
D:9 =

Annotations:
D:3 2 transporters, Staticcus's ghost, amateur HuCK


Innate Abilities, Weirdness & Mutations

You are very small and have problems with some larger weapons.
You are too small for most types of armour.
You have supernaturally acute eyesight. (SInv)
You cover ground extremely quickly. (Speed+++)


Message History

Press: ? - help, Q - select action, (/) - cycle Shift-Dir - straight line, f - orc
Aim: an orc, wielding a +0 short sword (umbra, chance to affect: 79%)
The orc looks drowsy...
Unknown command.
The helpless orc fails to defend itself.
You skewer the orc like a kebab!!!!
You kill the orc!
Dithmenos accepts your kill.
The electric eel shoots out a bolt of lightning at you!
The bolt of electricity hits you!
The electric eel shoots out a bolt of lightning at you!
The bolt of electricity misses you.
Items here: )) [ †.
You start resting.
HP restored.
You start resting.
Magic restored.
Items here: )) [ †.
The electric eel shoots out a bolt of lightning at you!
The bolt of electricity hits you.
Things that are here:
a +0 short sword; a +0 leather armour The electric eel shoots out a bolt of lightning at you!
The bolt of electricity hits the electric eel.
The electric eel completely resists.
The bolt of electricity hits you!
Things that are here:
a +0 short sword; an orc corpse The electric eel shoots out a bolt of lightning at you!
The bolt of electricity hits you!
The electric eel shoots out a bolt of lightning at you!
The bolt of electricity hits you!
The electric eel shoots out a bolt of lightning at you!
The bolt of electricity hits you!
* * * LOW HITPOINT WARNING * * *
The electric eel shoots out a bolt of lightning at you!
The bolt of electricity hits you!
* * * LOW HITPOINT WARNING * * *
The electric eel shoots out a bolt of lightning at you!
The bolt of electricity hits you!
You die...

..# ###)##### #..##...
#...###......>## #.##....
#.....#........# ##.......
..............)# #........
....~....~.....## ##........
~o~...~.........# ##.........
..~~.~.~S.......# ##....<.....
~~.≈~~≈S.~..†...## #...........
~≈≈~≈≈≈~..S.....@#####...........
~S≈~~≈~≈~≈~##.....)##)...........
~.~.~.≈≈≈≈≈########)))...........
o.~~≈≈≈≈# ###)[.......... ..≈~≈≈≈
##..)........ .~≈≈≈≈≈
##.......... ##........#
##......## #.....##


You could see an electric eel.

Vanquished Creatures
  An orc warlord (Bailey)
  Erica (D:8)
  2 orc knights (Bailey)
  A cyclops (D:9)
  3 trolls
  2 wyverns
  A shadow (D:5)
  11 yaks
  2 steam dragons
  Edmund (D:6)
  2 water moccasins
  11 orc warriors (Bailey)
  3 black bears
  A sky beast (D:8)
  A wolf (D:9)
  2 centaurs
  5 ogres
  3 phantoms
  2 kobold brigands
  Blork the orc (D:4)
  A gnoll sergeant (D:9)
  4 bullfrogs
  3 scorpions
  4 wights (D:9)
  6 killer bees (D:7)
  4 electric eels
  3 howler monkeys
  5 jellies
  4 orc priests
  A gnoll bouda (D:9)
  5 hounds
  2 sleepcaps
  Natasha (twice) (D:2)
  4 iguanas
  7 orc wizards
  10 gnolls
  10 adders
  3 shadow imps
  3 white imps
  2 ufetubi
  3 worms
  37 orcs
  8 ball pythons
  7 endoplasms
  4 giant cockroaches
  15 goblins
  14 hobgoblins
  3 jackals (D:1)
  3 quokkas (D:1)
  4 bats
  2 frilled lizards (D:3)
  18 kobolds
  6 rats
263 creatures vanquished.

Vanquished Creatures (collateral kills)
  3 orc warriors (Bailey)
  A bullfrog (D:9)
  A wight (D:9)
  A gnoll (D:9)
  5 goblins (Bailey)
11 creatures vanquished.

Vanquished Creatures (others)
  3 dancing weapons (Bailey)
3 creatures vanquished.

Grand Total: 277 creatures vanquished

Notes
Turn   | Place    | Note
-------+----------+-------------------------------------------
     0 | D:1      | LynnLen the Spriggan Enchanter began the quest for the Orb.
     0 | D:1      | Reached XP level 1. HP: 9/9 MP: 5/5
    41 | D:1      | Found a faded altar of an unknown god.
    55 | D:1      | Got Plato's Secrets of Bad Luck
   196 | D:1      | Got the Vademecum on Toxicity and Transfiguration
   253 | D:1      | Reached XP level 2. HP: 13/13 MP: 6/6
   256 | D:1      | Learned a level 2 spell: Ensorcelled Hibernation
   538 | D:1      | Reached skill level 5 in Stealth
   977 | D:2      | Noticed Natasha
   993 | D:2      | Reached XP level 3. HP: 16/16 MP: 8/8
   999 | D:2      | Killed Natasha
  1171 | D:2      | Noticed Natasha
  1192 | D:2      | Killed Natasha
  1193 | D:2      | Reached XP level 4. HP: 7/21 MP: 5/10
  1251 | D:2      | Learned a level 3 spell: Confusing Touch
  1255 | D:2      | Learned a level 3 spell: Tukima's Dance
  1257 | D:2      | Learned a level 1 spell: Slow
  1505 | D:3      | Found a transporter.
  1508 | D:3      | Noticed Staticcus's ghost (amateur HuCK)
  1555 | D:3      | Found a transporter.
  1577 | D:3      | Reached skill level 6 in Stealth
  2201 | D:3      | Reached skill level 1 in Ice Magic
  2358 | D:3      | Noticed a phantom
  2371 | D:3      | Killed a phantom
  2372 | D:3      | Reached XP level 5. HP: 24/24 MP: 7/11
  2851 | D:4      | Identified the +3 kite shield of the Swamp {rF+ Slay+6
                  | Stlth-}
  2907 | D:4      | Reached skill level 7 in Stealth
  2908 | D:4      | Found an iron altar of Okawaru.
  2994 | D:4      | Reached XP level 6. HP: 28/28 MP: 9/13
  3252 | D:4      | Got Tauc's Omnibus of the Shapeshifter and Wildfire
  3318 | D:4      | Reached skill level 5 in Hexes
  3526 | D:4      | Noticed Blork the orc
  3744 | D:4      | Found a hazy altar of Hepliaklqana.
  3810 | D:4      | Killed Blork the orc
  3811 | D:4      | Reached skill level 8 in Stealth
  3811 | D:4      | Reached XP level 7. HP: 32/32 MP: 7/14
  4021 | D:5      | Entered Level 5 of the Dungeon
  4078 | D:5      | Noticed a shadow
  4157 | D:5      | Killed a shadow
  4158 | D:5      | Reached skill level 9 in Stealth
  4158 | D:5      | Reached skill level 5 in Spellcasting
  4426 | D:5      | Reached XP level 8. HP: 36/36 MP: 16/16
  4721 | D:6      | Reached skill level 10 in Stealth
  4853 | D:6      | Noticed Edmund
  4865 | D:6      | Killed Edmund
  5148 | D:6      | Reached skill level 5 in Short Blades
  5148 | D:6      | Reached skill level 11 in Stealth
  5392 | D:6      | Reached XP level 9. HP: 39/39 MP: 15/19
  6177 | D:7      | Found an ornate altar of the Wu Jian Council.
  6239 | D:7      | Found a staircase to the Ecumenical Temple.
  6251 | D:7      | Noticed a troll
  6263 | D:7      | Killed a troll
  6269 | Temple   | Entered the Ecumenical Temple
  6300 | Temple   | Became a worshipper of Dithmenos the Shadowed
  6460 | D:7      | Found an ancient bone altar of Kikubaaqudgha.
  6507 | D:7      | Reached skill level 12 in Stealth
  7305 | D:8      | Reached * piety under Dithmenos
  7306 | D:8      | Reached XP level 10. HP: 44/44 MP: 22/22
  7719 | D:8      | Noticed Erica
  7728 | D:8      | Killed Erica
  7749 | D:8      | Found a basalt altar of Yredelemnul.
  7749 | D:8      | Found a sparkling altar of Nemelex Xobeh.
  7754 | D:8      | Reached skill level 13 in Stealth
  8256 | D:9      | Found a flagged portal.
  8289 | Bailey   | Entered a bailey
  8406 | Bailey   | Reached ** piety under Dithmenos
  8544 | Bailey   | Noticed an orc knight
  8612 | Bailey   | Killed an orc knight
  8686 | Bailey   | Noticed an orc knight
  8796 | Bailey   | Killed an orc knight
  8797 | Bailey   | Reached skill level 10 in Short Blades
  9029 | Bailey   | Reached XP level 11. HP: 47/47 MP: 25/25
  9037 | Bailey   | Noticed an orc warlord
  9118 | Bailey   | Killed an orc warlord
  9119 | Bailey   | Reached skill level 14 in Stealth
  9320 | Bailey   | Reached skill level 10 in Hexes
  9448 | D:9      | Found Zicid's Jewellery Boutique.
  9501 | D:9      | Reached skill level 10 in Spellcasting
  9674 | D:9      | Reached *** piety under Dithmenos
  9974 | D:9      | Reached skill level 1 in Invocations
  9974 | D:9      | Reached skill level 1 in Evocations
 10360 | D:9      | HP: 1/48 [electric eel/bolt of electricity (9)]
 10361 | D:9      | Killed from afar by an electric eel

Illustrated notes

Levels and vault maps discovered:
D:1:      reono_arrival_forest_river, layout_loops_cross,
          shapermc_ecumenical_altar_rom_forum
D:2:      layout_rooms, uniq_natasha
D:3:      minmay_chambers_of_twos, layout_basic, gammafunk_ghost_arena,
          serial_forest, infiniplex_forest_clump_small,
          infiniplex_forest_zigzag_2, infiniplex_forest_clump_large,
          infiniplex_forest_diagonal, infiniplex_forest_clump_double
D:4:      cheibrodos_thug_alley, layout_loops_ring, lemuel_doored_altar,
          nicolae_hepliaklqana_hippocampus, chequers_serial_rivers_small_a,
          kennysheep_generic_room_16, uniq_blork_the_orc
D:5:      layout_rooms
D:6:      cheibrodos_barr_body, layout_loops_corners, uniq_edmund
D:7:      layout_cave_pods, mainiacjoe_overflow_brackets,
          nicolae_kikubaaqudgha_miasma_corner, minmay_temple_entry_tees,
          kennysheep_donut, water_boxes_lemuel
D:8:      layout_loops_ring, nicolae_overflow_two_pavilions, uniq_erica
D:9:      layout_cave_pods, erik_lair_island, serial_shops, shop, enter_bailey_5
Temple:   hellmonk_temple_of_storms

Skill      XL: |  1  2  3  4  5  6  7  8  9 10 11 |
---------------+----------------------------------+-----
Spellcasting   | 3 4 5 6 7 9 10 | 10.4
Stealth        | 5 6 7 8 9 11 12 13 14 | 14.6
Hexes          | 4 5 6 8 9 10 | 10.4
Short Blades   | 2 3 4 5 7 10 | 10.0
Ice Magic      | 1 2 3 4 |  4.0
Dodging        | 3 |  3.4
Invocations    | 1 |  1.8
Evocations     | 1 |  1.6
Fighting       | |  0.8

Action                     |  1- 3 |  4- 6 |  7- 9 | 10-12 || total
---------------------------+-------+-------+-------+-------++-------
  Melee: Dagger            |    78 |   121 |   197 |   346 ||   742
         Punch             |       |       |     4 |     5 ||     9
  Throw: Dart              |       |       |       |     1 ||     1
   Cast: Ensorcelled Hiber |     7 |    34 |    32 |    16 ||    89
         Confusing Touch   |       |     2 |     5 |     5 ||    12
         Tukima's Dance    |       |       |     1 |    42 ||    43
  Evoke: Wand              |       |       |     1 |       ||     1
    Use: Scroll            |     4 |       |     6 |     4 ||    14
         Potion            |       |     2 |       |     2 ||     4
   Stab: Sleeping          |    16 |    29 |    29 |    18 ||    92
         Invisible         |       |     1 |       |     3 ||     4
         Confused          |       |       |     4 |     6 ||    10
         Distracted        |       |       |       |     2 ||     2
 Armour: Robe              |     9 |    13 |    22 |       ||    44
         Troll leather arm |       |       |    10 |    32 ||    42
  Dodge: Dodged            |    48 |    74 |   127 |   164 ||   413
